 Dungeon Crawl Stone Soup version 0.22-a0-458-gb446440d2e (webtiles) character file.

15302 Rrauwl the Cleaver (level 12, 0/90 HPs)
             Began as a Formicid Fighter on June 8, 2018.
             Was a High Priest of Okawaru.
             Slain by a rakshasa
             ... wielding a +0 trident
              (7 damage)
             ... on level 11 of the Dungeon.
             The game lasted 00:36:34 (10375 turns).

Rrauwl the Cleaver (Formicid Fighter)              Turns: 10375, Time: 00:36:35

Health: 0/90       AC: 11    Str: 26    XL:     12   Next: 56%
Magic:  13/18      EV: 14    Int:  6    God:    Okawaru [*****.]
Gold:   689        SH: 13    Dex: 10    Spells: 10/11 levels left

rFire    + + .     SeeInvis +   a - +0 battleaxe of the Ass {freeze, rElec rPois rF+ rC+}
rCold    + . .     Gourm    .   x - +0 shield
rNeg     + . .     Faith    .   g - +0 scale mail
rPois    +         Spirit   .   (helmet unavailable)
rElec    +         Reflect  .   u - +0 cloak {MR+}
rCorr    .         Harm     .   (no gloves)
MR       ++...                  (no boots)
Stlth    +.........             (no amulet)
HPRegen  0.25/turn              d - ring of positive energy
MPRegen  0.16/turn              n - ring of protection from fire

@: heroism, finesse
A: permanent stasis, dig shafts and tunnels, four strong arms, antennae 3,
rugged brown scales 1, dopey 1, subdued magic 1
a: Dig, Shaft Self, Heroism, Finesse, Renounce Religion


You were on level 11 of the Dungeon.
You worshipped Okawaru.
Okawaru was extremely pleased with you.
You were hungry.

You visited 3 branches of the dungeon, and saw 13 of its levels.
You visited the Abyss 1 time.
You also visited: Ossuary.

You collected 758 gold pieces.
You spent 69 gold pieces at shops.

Inventory:

Hand Weapons
 a - the +0 battleaxe of the Ass (weapon) {freeze, rElec rPois rF+ rC+}
   (You found it on level 8 of the Dungeon)

   It has been specially enchanted to freeze those struck by it, causing extra
   injury to most foes and up to half again as much damage against particularly
   susceptible opponents.
   It can also slow down cold-blooded creatures.
   It protects you from fire.
   It protects you from cold.
   It insulates you from electricity.
   It protects you from poison.
 b - a +0 longbow
 c - a +2 battleaxe
Missiles
 i - 216 arrows
 l - 33 bolts
 s - a throwing net (quivered)
Armour
 g - a +0 scale mail (worn)
 u - a +0 cloak of magic resistance (worn)
 x - a +0 shield (worn)
Jewellery
 d - a ring of positive energy (left hand)
 n - a ring of protection from fire (right hand)
Wands
 v - a wand of flame (46)
Scrolls
 f - a scroll of remove curse
 k - 15 scrolls of identify
 o - a scroll of enchant weapon
 q - a scroll of magic mapping
 w - a scroll of amnesia
Potions
 h - 3 potions of brilliance
 m - 6 potions of curing
 p - a potion of ambrosia
 r - a potion of flight
Comestibles
 e - 17 rations
 j - 2 chunks of flesh


   Skills:
 - Level 6.0(11.0) Fighting
 + Level 14.4(19.4) Axes
 - Level 6.0(11.0) Armour
 - Level 4.0(9.0) Dodging
 - Level 8.0(13.0) Shields
 - Level 8.0 Invocations
 + Level 4.5 Evocations


You had 10 spell levels left.
You knew the following spells:

 Your Spells              Type           Power        Failure   Level  Hunger
a - Apportation           Tloc           #.....       63%         1    ##.....

Your spell library contained the following spells:

 Spells                   Type           Power        Failure   Level  Hunger
 Magic Dart               Conj           #...         63%         1    ##.....
 Summon Small Mammal      Summ           #...         63%         1    ##.....
 Iskenderun's Mystic Bla  Conj           #.......     100%        4    #####..
 Animate Skeleton         Necr           N/A          63%         1    ##.....
 Confusing Touch          Hex            #.....       63%         1    ##.....
 Fulminant Prism          Conj/Hex       #.........   100%        4    #####..
 Dazzling Spray           Conj/Hex       #.....       95%         3    ####...
 Force Lance              Conj/Tloc      #.......     100%        4    #####..
 Searing Ray              Conj           #.....       78%         2    ###....


Dungeon Overview and Level Annotations

Branches:
Dungeon (11/15)            Temple (1/1) D:4            Lair (1/6) D:8
    Orc: D:9-12

Altars:
Ashenzari
Cheibriados
Dithmenos
Elyvilon
Fedhas
Gozag
Hepliaklqana
Kikubaaqudgha
Makhleb
Nemelex Xobeh
Okawaru
Qazlal
Ru
Sif Muna
Trog
Uskayaw
Vehumet
Wu Jian
Xom
Yredelemnul
Zin
The Shining One
Beogh

Shops:
D:5 *


Innate Abilities, Weirdness & Mutations

You cannot be hasted, slowed, berserked, paralysed or teleported.
You can dig through walls and to a lower floor.
Your four strong arms can wield two-handed weapons with a shield.
You have a pair of large antennae on your head. (SInv)
You are partially covered in rugged brown scales. (AC +1, +3% HP)
You are dopey. (Int -2)
Your spells are a little easier to cast, but a little less powerful.


Message History

The rakshasa weaves an illusion.
The orc shimmers and seems to become two!
You block the rakshasa's attack.
You can now deal lightning-fast blows.
You block the orc's attack. You block the rakshasa's attack.
The orc hits you from afar with a trident.
* * * LOW HITPOINT WARNING * * *
The rakshasa hits you with a trident.
* * * LOW HITPOINT WARNING * * *
Unknown command.
You hit the rakshasa but do no damage.
The rakshasa is severely wounded.
Unknown command.
You slice the rakshasa!! You freeze the rakshasa!
The rakshasa is almost dead.
Unknown command.
You hit the rakshasa but do no damage.
The rakshasa is almost dead.
The rakshasa hits you from afar with a trident!
You die...

.. .# ..# # ..# #.
...#..
####..####......
.......@.oo.....
########+######R##...#
#....##......R.R.# #
#....##..........#
#....##..........#
#....##..........# {
#....##..........#
#....##..........#
#....##....##....# {
#######


You could see 2 rakshasas and 2 orcs.

Vanquished Creatures
  Gastronok (Lair:1)
  The ghost of afd the Destroyer, a journeyman GnCj of Vehumet (D:9)
  3 two-headed ogres
  Sonja (Lair:1)
  An unseen horror (D:10)
  The ghost of HANFGEIST the Transmogrifier, a novice OpTm (D:8)
  A manticore (D:11)
  Psyche (D:8)
  Joseph (D:7)
  A komodo dragon (D:8)
  A troll (D:9)
  A hornet (D:9)
  The ghost of Ireaine the Poker, an amateur MfBe of Trog (D:3)
  Prince Ribbit (D:9)
  3 hippogriffs
  Sigmund (D:2)
  2 wyverns
  Eustachio (D:6)
  A hungry ghost (D:11)
  A vampire mosquito (D:7)
  A soldier ant (D:11)
  A water moccasin (D:9)
  A porcupine (Lair:1)
  5 orc warriors
  3 black bears
  Duvessa (D:7)
  2 sky beasts
  An ice beast (D:10)
  4 ogres
  4 centaurs
  3 big kobolds
  4 elf zombies (Ossuary)
  4 bullfrogs
  A gnoll sergeant (D:8)
  Dowan (D:7)
  A wyvern zombie (D:9)
  A wyvern skeleton (D:11)
  A scorpion (D:5)
  6 killer bees (D:9)
  5 wights (D:10)
  9 howler monkeys
  5 crimson imps
  2 centaur zombies (Ossuary)
  7 hounds
  7 jellies
  3 orc priests
  6 human zombies (Ossuary)
  Crazy Yiuf (D:3)
  3 bullfrog skeletons
  3 centaur skeletons
  4 orc wizards
  Jessica (D:3)
  A gnoll shaman (D:9)
  Terence (D:2)
  Natasha (twice) (D:3)
  5 iguanas
  6 worker ants
  A hound skeleton (D:5)
  3 mummies (Ossuary)
  2 worker ant zombies
  Robin (D:3)
  17 gnolls
  11 adders
  An adder zombie (D:6)
  An adder skeleton (D:4)
  3 worms
  2 dart slugs (D:1)
  7 leopard geckos
  40 orcs
  4 giant cockroaches
  17 goblins
  7 hobgoblins
  7 jackals
  7 quokkas
  A ball python (D:5)
  12 bats
  7 frilled lizards
  A jackal skeleton (D:5)
  23 kobolds
  8 rats
324 creatures vanquished.

Vanquished Creatures (others)
  16 plants (D:8)
16 creatures vanquished.

Grand Total: 340 creatures vanquished

Notes
Turn   | Place    | Note
-------+----------+-------------------------------------------
     0 | D:1      | Rrauwl the Formicid Fighter began the quest for the Orb.
     0 | D:1      | Reached XP level 1. HP: 18/18 MP: 1/1
   162 | D:1      | Reached XP level 2. HP: 24/24 MP: 2/2
   337 | D:1      | Reached XP level 3. HP: 29/29 MP: 3/3
   823 | D:2      | Noticed Sigmund
   832 | D:2      | Reached skill level 1 in Dodging
   837 | D:2      | Reached XP level 4. HP: 24/37 MP: 4/4
   851 | D:2      | Killed Sigmund
   851 | D:2      | Reached skill level 3 in Axes
   851 | D:2      | Reached XP level 5. HP: 19/43 MP: 5/5
   851 | D:2      | Reached XP level 6. HP: 22/49 MP: 6/6
  1018 | D:2      | Found a shimmering altar of Xom.
  1344 | D:2      | Noticed Terence
  1358 | D:2      | Killed Terence
  1532 | D:2      | Reached skill level 4 in Axes
  1848 | D:3      | Learned a level 1 spell: Apportation
  1876 | D:3      | Noticed Ireaine's ghost (amateur MfBe)
  1890 | D:3      | Killed Ireaine's ghost
  1890 | D:3      | Reached skill level 5 in Axes
  1890 | D:3      | Reached XP level 7. HP: 24/55 MP: 7/7
  2214 | D:3      | Found a runed door.
  2218 | D:3      | Noticed Crazy Yiuf
  2227 | D:3      | Killed Crazy Yiuf
  2362 | D:3      | Reached skill level 6 in Axes
  2537 | D:3      | Noticed Jessica
  2539 | D:3      | Killed Jessica
  2604 | D:3      | Noticed Natasha
  2610 | D:3      | Killed Natasha
  2671 | D:3      | Noticed Natasha
  2678 | D:3      | Killed Natasha
  2707 | D:3      | Noticed Robin
  2741 | D:3      | Killed Robin
  2842 | D:4      | Reached XP level 8. HP: 49/61 MP: 8/8
  3136 | D:4      | Reached skill level 7 in Axes
  3457 | D:4      | Found a staircase to the Ecumenical Temple.
  3469 | Temple   | Entered the Ecumenical Temple
  3631 | Temple   | Became a worshipper of Warmaster Okawaru
  3805 | D:5      | Entered Level 5 of the Dungeon
  3805 | D:5      | Found Duetoej's Assorted Antiques.
  3890 | D:5      | Reached skill level 8 in Axes
  3959 | D:5      | Bought an orange potion for 21 gold pieces
  3959 | D:5      | Bought a scroll labeled ENESUI HEUFED for 24 gold pieces
  3959 | D:5      | Bought a scroll labeled BYIDGH FIKI for 24 gold pieces
  3959 | D:5      | Gained mutation: You are dopey. (Int -2) [potion of mutation]
  3959 | D:5      | Gained mutation: Your spells are a little easier to cast, but a little less powerful. [potion of mutation]
  3959 | D:5      | Gained mutation: You are partially covered in rugged brown scales. (AC +1, +3% HP) [potion of mutation]
  4367 | D:5      | Reached skill level 9 in Axes
  4552 | D:6      | Noticed Eustachio
  4585 | D:6      | Reached XP level 9. HP: 31/67 MP: 9/9
  4764 | D:6      | Killed Eustachio
  4810 | D:6      | Found a sand-covered staircase.
  4815 | Ossuary  | Entered an ossuary
  4864 | Ossuary  | Reached * piety under Okawaru
  4864 | Ossuary  | Reached skill level 10 in Axes
  5566 | D:7      | Reached skill level 11 in Axes
  5580 | D:7      | Reached skill level 1 in Invocations
  5631 | D:7      | Reached ** piety under Okawaru
  5801 | D:7      | Noticed Joseph
  5821 | D:7      | Killed Joseph
  5821 | D:7      | Reached skill level 5 in Armour
  5821 | D:7      | Reached XP level 10. HP: 64/75 MP: 9/11
  5839 | D:7      | Reached skill level 5 in Fighting
  5839 | D:7      | Noticed Duvessa
  5857 | D:7      | Noticed Dowan
  5861 | D:7      | Killed Duvessa
  5861 | D:7      | Reached skill level 5 in Shields
  5883 | D:7      | Killed Dowan
  6590 | D:8      | Reached *** piety under Okawaru
  6728 | D:8      | Got a crystal battleaxe
  6729 | D:8      | Identified the cursed +0 battleaxe of the Ass {freeze, rElec rPois rF+ rC+} (You found it on level 8 of the Dungeon)
  7081 | D:8      | Reached skill level 5 in Invocations
  7152 | D:8      | Noticed HANFGEIST's ghost (novice OpTm)
  7171 | D:8      | Killed HANFGEIST's ghost
  7183 | D:8      | Noticed Psyche
  7195 | D:8      | Killed Psyche
  7195 | D:8      | Reached skill level 12 in Axes
  7368 | D:8      | Found a staircase to the Lair.
  7368 | D:8      | Noticed a komodo dragon
  7371 | D:8      | Killed a komodo dragon
  7371 | D:8      | Reached **** piety under Okawaru
  7491 | Lair:1   | Entered Level 1 of the Lair of Beasts
  7528 | Lair:1   | Noticed Gastronok
  7535 | Lair:1   | Noticed Sonja
  7551 | Lair:1   | Killed Gastronok
  7551 | Lair:1   | Reached skill level 13 in Axes
  7551 | Lair:1   | Reached XP level 11. HP: 36/81 MP: 13/15
  7767 | Lair:1   | Cast into level 2 of the Abyss (Sonja)
  7774 | Lair:1   | Escaped the Abyss
  7775 | Lair:1   | Killed Sonja
  7775 | Lair:1   | Reached ***** piety under Okawaru
  8115 | D:9      | Reached skill level 14 in Axes
  8457 | D:9      | Reached skill level 1 in Evocations
  8596 | D:9      | Found a roughly hewn altar of Beogh.
  8606 | D:9      | Noticed afd's ghost (journeyman GnCj)
  8621 | D:9      | Killed afd's ghost
  9006 | D:9      | Noticed a two-headed ogre
  9012 | D:9      | Killed a two-headed ogre
  9012 | D:9      | Received a gift from Okawaru
  9012 | D:9      | Reached XP level 12. HP: 57/89 MP: 9/17
  9074 | D:9      | Noticed Prince Ribbit
  9083 | D:9      | Killed Prince Ribbit
  9364 | D:10     | Entered Level 10 of the Dungeon
  9767 | D:10     | Noticed a two-headed ogre
  9771 | D:10     | Killed a two-headed ogre
  9856 | D:10     | Noticed an unseen horror
  9863 | D:10     | Killed an unseen horror
 10271 | D:11     | Noticed a two-headed ogre
 10278 | D:11     | Killed a two-headed ogre
 10334 | D:11     | Noticed a rakshasa
 10375 | D:11     | Slain by a rakshasa

Vault maps used:
D:1:      scummos_arrival_checkerplants
D:2:      xom_teletrap_fun, uniq_sigmund, uniq_terence
D:3:      first_ration, serial_curves, eino_curves_01, eino_curves_03,
          kennysheep_generic_room_3, uniq_natasha, uniq_jessica,
          uniq_crazy_yiuf_cottage, uniq_robin
D:4:      minmay_temple_entry_fiery
D:5:      serial_shops, nicolae_shop_stone, st_stairs_7, kennysheep_nub
D:6:      enter_ossuary_2, uniq_eustachio
D:7:      minmay_three_doors, uniq_duvessa, uniq_joseph
D:8:      david_lair_shrubbed, uniq_psyche
D:9:      special_room, grunt_pizzeria, uniq_prince_ribbit1
D:11:     lemuel_ice_spiral_2
Temple:   compressed_dpeg_circular_temple
Lair:1:   grunt_megastairs_4, uniq_gastronok, uniq_sonja
Abyss:2:  evilmike_abyss_exit_12
Ossuary:  ossuary_minmay_four_chambers

Skill      XL: |  1  2  3  4  5  6  7  8  9 10 11 12 |
---------------+-------------------------------------+-----
Shields        | 4 6 8 |  8.0
Dodging        | 1 2 3 4 |  4.0
Fighting       | 4 5 6 |  6.0
Axes           | 3 5 6 9 11 13 14 | 14.4
Armour         | 4 5 6 |  6.0
Invocations    | 1 6 8 |  8.0
Evocations     | 2 4 |  4.5

Action                   |  1- 3 |  4- 6 |  7- 9 | 10-12 || total
-------------------------+-------+-------+-------+-------++-------
Melee: War axe           |    63 |   136 |   463 |   115 ||   777
       Quarterstaff      |       |       |    11 |       ||    11
       Battleaxe         |       |       |       |   484 ||   484
Invok: Heroism           |       |       |     1 |    18 ||    19
       Finesse           |       |       |       |     6 ||     6
Evoke: Wand              |       |       |       |     7 ||     7
  Use: Potion            |     3 |     3 |     6 |     7 ||    19
       Scroll            |       |     4 |     9 |     3 ||    16
 Stab: Invisible         |     1 |       |       |       ||     1
  Eat: Chunk             |       |     3 |    10 |    16 ||    29
       Ration            |       |       |     1 |       ||     1
Armor: Scale mail        |    35 |    48 |   125 |   125 ||   333
Dodge: Dodged            |    26 |    47 |   121 |   199 ||   393
Block: Shield            |    36 |    65 |   172 |   273 ||   546

Table legend:
 A = Spawn XP
 B = Non-spawn XP
 C = Spawn XP percentage of total XP
 D = Spawn monster count
 E = Non-spawn monster count
 F = Spawn count percentage of total count
 G = Total turns spent on level
                    A         B        C        D         E        F      G
               +---------+---------+-------+---------+---------+-------+---------
         Total |       0 |   21860 |   0.0 |       0 |     324 |   0.0 | 10375
               +---------+---------+-------+---------+---------+-------+---------
           D:1 |       0 |      38 |   0.0 |       0 |      21 |   0.0 |   810
           D:2 |       0 |     376 |   0.0 |       0 |      28 |   0.0 |   902
           D:3 |       0 |     588 |   0.0 |       0 |      40 |   0.0 |  1104
           D:4 |       0 |     299 |   0.0 |       0 |      16 |   0.0 |   815
           D:5 |       0 |     600 |   0.0 |       0 |      25 |   0.0 |   770
           D:6 |       0 |     404 |   0.0 |       0 |      10 |   0.0 |   668
           D:7 |       0 |    1578 |   0.0 |       0 |      24 |   0.0 |   905
           D:8 |       0 |    2666 |   0.0 |       0 |      30 |   0.0 |  1247
           D:9 |       0 |    5694 |   0.0 |       0 |      65 |   0.0 |  1539
          D:10 |       0 |    3367 |   0.0 |       0 |      34 |   0.0 |   690
          D:11 |       0 |    2426 |   0.0 |       0 |      13 |   0.0 |   321
        Lair:1 |       0 |    3047 |   0.0 |       0 |       3 |   0.0 |   109
       Ossuary |       0 |     777 |   0.0 |       0 |      15 |   0.0 |   314
               +---------+---------+-------+---------+---------+-------+---------
